 Dungeon Crawl Stone Soup version 0.27.0-1-g7a089689b8 (webtiles) character file.

Game seed: 4417301491096024313

17 Spectrina the Ducker (level 2, -2/27 HPs)
             Began as a Deep Elf Monk on Aug 2, 2021.
             Slain by Sigmund (11 damage)
             ... on level 3 of the Dungeon on Aug 3, 2021.
             The game lasted 00:04:03 (492 turns).

Spectrina the Ducker (Deep Elf Monk)                 Turns: 492, Time: 00:04:03

Health: -2/27      AC:  2    Str:  8    XL:     2   Next: 44%
Magic:  5/5        EV: 13    Int: 14    God:
Gold:   31         SH:  0    Dex: 17    Spells: 1/1 levels left

rFire    . . .     SeeInvis .   a - +0 short sword
rCold    . . .     Faith    .   (no shield)
rNeg     . . .     Spirit   .   b - +0 robe
rPois    .         Reflect  .   (no helmet)
rElec    .         Harm     .   (no cloak)
rCorr    .         Rampage  .   (no gloves)
Will     .....                  (no boots)
Stlth    ..........             (no amulet)
HPRegen  0.09/turn              (no ring)
MPRegen  0.09/turn              (no ring)

@: berserking (expiring), attractive, hasted, very quick
A: no striking features
a: no special abilities


You were on level 3 of the Dungeon.
You visited 1 branch of the dungeon, and saw 3 of its levels.

You collected 31 gold pieces.

Inventory:

Hand Weapons
 a - a +0 short sword (weapon)
Missiles
 e - 24 poisoned darts (quivered)
Armour
 b - a +0 robe (worn)
 h - a +0 kite shield
Scrolls
 d - a scroll of fear {unknown}
 f - a scroll of enchant weapon {unknown}
 g - a scroll of blinking {unknown}
 j - a scroll of identify {unknown}
Potions
 c - a potion of heal wounds {unknown}


   Skills:
 - Level 2.4 Fighting
 - Level 3.0 Short Blades
 - Level 3.6 Dodging
 + Level 3.0 Stealth
 * Level 2.0 Invocations


You had one spell level left.
You didn't know any spells.
Your spell library was empty.

Dungeon Overview and Level Annotations

Branches:
Dungeon (3/15)

Altars:

Annotations:
D:3 Sigmund


Message History

Press: ? - help, Q - select action Shift-Dir - straight line, f/p - Sigmund
Aim: Sigmund, wielding a +0 scythe and wearing a +0 robe (lightly wounded, poisoned, 57% to hit)
You throw a poisoned dart. The poisoned dart hits Sigmund.
Sigmund looks even sicker.
Sigmund is lightly wounded.
Sigmund casts a spell at you.
You are confused.
It was a potion of attraction.
You feel attractive to monsters.
A worm comes into view.
A jackal comes into view.
Sigmund is pulled toward you!
The giant cockroach is pulled toward you!
The worm is pulled toward you! The jackal is pulled toward you!
Unknown command.
It was a potion of haste.
You feel yourself speed up.
Sigmund gestures wildly while chanting.
Sigmund flickers and vanishes!
Deactivating autopickup; reactivate with Ctrl-A.
The jackal is pulled toward you!
Unknown command.
Unknown command.
You bump into the rock wall.
The jackal barks!
You hear a bark!
A jackal comes into view.
The giant cockroach barely misses you. Something hits you.
The jackal is pulled toward you!
Unknown command.
It was a potion of berserk rage.
A red film seems to cover your vision as you go berserk!
You feel yourself moving faster!
You feel mighty!
The jackal barks!
You hear a bark!
The giant cockroach barely misses you. Something hits you.
Unknown command.
You hit something. The jackal bites you.
The giant cockroach bites you but does no damage.
You feel less confused.
A jackal comes into view.
Something hits you!
You die...

≈≈.(.....##..#
≈≈.(#......^.#
≈..(.........#
........<..##
............ #
#wh.......h
#.##{B.......
#....h#..#...
##...@....#
#.#.#.#.....
#...........
...#.#.#.....
...............
.#...#.#.#.....
###...........
#...........


You could see a worm, 3 jackals and a giant cockroach.

Vanquished Creatures
  2 giant cockroaches (D:2)
  2 hobgoblins
  4 jackals (D:2)
  A kobold (D:1)
  A quokka (D:1)
  3 ball pythons
  A bat (D:1)
  A rat (D:1)
15 creatures vanquished.

Notes
Turn   | Place    | Note
-------+----------+-------------------------------------------
     0 | D:1      | Spectrina the Deep Elf Monk began the quest for the Orb.
     0 | D:1      | Reached XP level 1. HP: 13/13 MP: 3/3
   154 | D:1      | Found a faded altar of an unknown god.
   171 | D:1      | Reached skill level 1 in Invocations
   270 | D:2      | Reached XP level 2. HP: 14/18 MP: 3/5
   482 | D:3      | Noticed Sigmund
   492 | D:3      | Slain by Sigmund

Illustrated notes

Levels and vault maps discovered:
D:1:      noname_arrival_rooms_in_the_neighbourhood, layout_basic,
          dilly_ecumenical_altar_fadedgnrine, lemuel_another_geyser
D:2:      layout_loops_ring
D:3:      kennysheep_six_static_rooms, layout_rooms, portal_sewer_entry_a,
          serial_co_window_serial, co_window_paths_b, co_window_paths_a,
          co_window_paths_a, co_window_of_opportunity_a,
          co_window_of_opportunity_a, co_window_of_opportunity_c,
          co_window_corner_b, co_window_cross_2, co_window_paths_d,
          glass_columns_a, glass_columns_b, glass_columns_a,
          kennysheep_nondescript, uniq_sigmund, uniq_grinder

Skill      XL: |  1  2 |
---------------+-------+-----
Invocations    | 1 2 |  2.0
Stealth        | 3 |  3.0
Fighting       | |  2.4
Short Blades   | |  3.0
Dodging        | |  3.6

Action                   || total
-------------------------++-------
Melee: Short sword       ||    29
Throw: Dart              ||    29
  Use: Potion            ||     3
 Stab: Sleeping          ||     1
Armor: Robe              ||     5
Dodge: Dodged            ||    19
